 Dungeon Crawl Stone Soup version 0.30-a0-23-ge60ba3568b (webtiles) character file.

Game seed: 17256845496414228570

1605 AttackTheMoon the Covered (level 8, -7/70 (73) HPs)
             Began as a Minotaur Fighter on Aug 25, 2022.
             Was a Follower of Okawaru.
             Mangled by a wight
             ... wielding a +0 great sword
              (18 damage)
             ... on level 6 of the Dungeon.
             The game lasted 00:05:22 (5306 turns).

AttackTheMoon the Covered (Minotaur Fighter)        Turns: 5306, Time: 00:05:23

HP:   -7/70 (73)    AC: 10    Str: 23    XL:     8   Next: 63%
MP:   9/9           EV:  9    Int:  5    God:    Okawaru [*.....]
Gold: 207           SH: 10    Dex: 10    Spells: 7/7 levels left

rFire   . . .      SeeInvis .    a - +0 war axe
rCold   . . .      Faith    .    c - +0 buckler
rNeg    . . .      Spirit   .    b - +1 scale mail
rPois   .          Reflect  +    (helmet restricted)
rElec   .          Harm     .    x - +0 cloak
rCorr   .          Rampage  .    (no gloves)
Will    .....                    (no boots)
Stlth   ..........               f - amulet of reflection
HPRegen 0.21/turn                o - ring of flight
MPRegen 0.11/turn                k - ring of wizardry

@: flying, lightly drained
A: horns 2, retaliatory headbutt
a: Renounce Religion, Heroism


You were on level 6 of the Dungeon.
You worshipped Okawaru.
Okawaru was aware of your devotion.
You visited 2 branches of the dungeon, and saw 7 of its levels.

You collected 207 gold pieces.

Inventory:

Hand Weapons
 a - a +0 war axe (weapon)
Armour
 b - a +1 scale mail (worn)
 c - a +0 buckler (worn)
 q - the +3 chain mail "Toconaz" {Harm rPois rN+ Dex+3}
   (You found it on level 4 of the Dungeon)

   Dex:       It affects your dexterity (+3).
   rPois:     It protects you from poison.
   rN:        It protects you from negative energy.
   Harm:      It increases damage dealt and taken.
 x - a +0 cloak (worn)
Jewellery
 f - an amulet of reflection (around neck)
 h - a ring of magical power
 k - a ring of wizardry (right hand)
 o - a ring of flight (left hand)
 w - an amulet of guardian spirit
Wands
 p - a wand of flame (29)
 r - a wand of paralysis (7)
 v - a wand of roots (2)
Scrolls
 j - 2 scrolls of immolation
 s - 2 scrolls of enchant armour
 t - 2 scrolls of teleportation
Potions
 d - a potion of might
 e - 3 potions of curing
 g - a potion of berserk rage {unknown}
 i - 2 potions of mutation
 l - 3 potions of haste
 m - a potion of flight {unknown}
 n - 2 potions of lignification {unknown}
 u - a potion of heal wounds {unknown}


   Skills:
 + Level 7.1 Fighting
 + Level 6.6 Axes
 + Level 7.2 Armour
 + Level 7.1 Shields
 + Level 3.3 Invocations


You had 7 spell levels left.
You didn't know any spells.
Your spell library contained the following spells:

 Spells                   Type           Power      Damage    Failure   Level
 Freeze                   Ice            0%         1d3       50%         1
 Frozen Ramparts          Ice            0%         1d1       86%         3
 Hailstorm                Conj/Ice       0%         3d3       99%         4


Dungeon Overview and Level Annotations

Branches:
Dungeon (6/15)             Temple (1/1) D:5

Altars:
Elyvilon
Gozag
Makhleb
Nemelex Xobeh
Okawaru
Ru
Sif Muna
Vehumet
Wu Jian
Yredelemnul
Zin

Shops:
D:3 :


Innate Abilities, Weirdness & Mutations

You have a pair of horns on your head.
You reflexively headbutt those who attack you in melee.


Message History

You destroy the wight!
Okawaru accepts your kill.
You hit the wight. x2
The wight hits you with a +2 great sword of freezing!
You feel drained. The wight freezes you! The wight barely misses you.
You are too injured to fight recklessly!
You are too injured to fight recklessly!
You are too injured to fight recklessly!
You are too injured to fight recklessly!
You are too injured to fight recklessly!
You are too injured to fight recklessly!
You are too injured to fight recklessly!
You are too injured to fight recklessly!
You are too injured to fight recklessly!
You are too injured to fight recklessly!
You are too injured to fight recklessly!
You are too injured to fight recklessly!
You are too injured to fight recklessly!
You are too injured to fight recklessly!
You are too injured to fight recklessly!
You are too injured to fight recklessly!
You are too injured to fight recklessly!
Unknown command.
The wight attacks as you move away! The wight barely misses you.
You furiously retaliate!
You headbutt the wight, but do no damage.
The wight attacks as you move away! You block the wight's attack.
The wight attacks as you move away! You block the wight's attack.
You hit the wight. Your headbutt misses the wight.
The wight is moderately damaged.
You block the wight's attack.
You slash the wight! Your headbutt misses the wight.
The wight is almost destroyed.
You slash the wight!
The wight hits you with a +2 great sword of freezing!
* * * LOW HITPOINT WARNING * * *
The wight freezes you.
* * * LOW HITPOINT WARNING * * *
The wight hits you with a +0 great sword!!
You die...

#.# #.##.# #.# #.#
#.####.##.# ##.####
..........# #.....#
#......##.# #.....###
#####..##.# #....<..
#..##.# #.....#
#..##[# #.)...#
#..##.########..#
#####..##....†..@z..#
.......##........z..#
#####.###############
......# #######


You could see 2 wights.

Vanquished Creatures
  3 water moccasins
  An ice beast (D:6)
  2 black bears (D:5)
  2 bullfrogs (D:6)
  5 scorpions
  A wight (D:6)
  An electric eel (D:6)
  3 hounds
  An orc priest (D:6)
  A jelly (D:6)
  3 iguanas
  A gnoll bouda (D:6)
  Ijyb (D:4)
  An orc wizard (D:6)
  7 adders
  5 gnolls (D:6)
  An ufetubus (D:6)
  A worm (D:3)
  2 dart slugs (D:2)
  13 orcs
  7 bats
  2 endoplasms
  3 giant cockroaches
  9 hobgoblins
  3 jackals (D:2)
  8 kobolds
  2 quokkas
  6 ball pythons
  2 frilled lizards
  8 goblins
  9 rats
114 creatures vanquished.

Notes
Turn   | Place    | Note
-------+----------+-------------------------------------------
     0 | D:1      | AttackTheMoon the Minotaur Fighter began the quest for the
                  | Orb.
     0 | D:1      | Reached XP level 1. HP: 19/19 MP: 0/0
   163 | D:1      | Reached XP level 2. HP: 21/27 MP: 1/1
   928 | D:2      | Reached XP level 3. HP: 29/33 MP: 2/2
  1312 | D:2      | Reached XP level 4. HP: 41/41 MP: 3/3
  1549 | D:3      | Found Ciweimor's Vocational Training.
  1650 | D:3      | Found an opulent altar of Gozag.
  2104 | D:3      | Found a sparkling altar of Nemelex Xobeh.
  2312 | D:4      | Identified the +3 chain mail "Toconaz" {Harm rPois rN+
                  | Dex+3}
  2412 | D:4      | Reached XP level 5. HP: 21/47 MP: 4/4
  2798 | D:4      | Reached skill level 5 in Fighting
  2801 | D:4      | Reached skill level 5 in Armour
  2896 | D:4      | Reached skill level 5 in Shields
  2950 | D:4      | Reached XP level 6. HP: 43/56 MP: 5/5
  3107 | D:4      | Noticed Ijyb
  3120 | D:4      | Killed Ijyb
  3366 | D:5      | Entered Level 5 of the Dungeon
  3528 | D:5      | Found a staircase to the Ecumenical Temple.
  3564 | Temple   | Entered the Ecumenical Temple
  3607 | Temple   | Became a worshipper of Warmaster Okawaru
  3652 | D:5      | Reached skill level 5 in Axes
  3652 | D:5      | Reached XP level 7. HP: 34/62 MP: 6/6
  3804 | D:5      | Reached skill level 1 in Invocations
  4262 | D:6      | Reached * piety under Okawaru
  4263 | D:6      | Reached XP level 8. HP: 71/71 MP: 8/8
  5306 | D:6      | Mangled by a wight

Illustrated notes

Levels and vault maps discovered:
D:1:      dreamdust_arrival_sigmund_warning, layout_basic
D:2:      layout_loops_ring
D:3:      layout_rooms, grunt_gozag_breadcrumbs, marbit_many_paths,
          nicolae_shop_vocational
D:4:      layout_loops_ring, nicolae_figureground_sparkle, uniq_ijyb
D:5:      layout_basic, minmay_temple_entry_wispy,
          eino_small_chamber_without_monster
D:6:      layout_loops_ring, nicolae_water_bricks
Temple:   hellmonk_temple_rainy

Skill      XL: |  1  2  3  4  5  6  7  8 |
---------------+-------------------------+-----
Fighting       | 4 5 6 7 |  7.1
Shields        | 4 5 6 7 |  7.1
Armour         | 4 5 6 7 |  7.2
Axes           | 3 4 5 6 |  6.6
Invocations    | 2 3 |  3.3

Action                   |  1- 3 |  4- 6 |  7- 9 || total
-------------------------+-------+-------+-------++-------
Melee: War axe           |    79 |   110 |   128 ||   317
       Headbutt          |    11 |    20 |    25 ||    56
  Use: Scroll            |     1 |     5 |     3 ||     9
Armor: Scale mail        |    39 |    55 |    54 ||   148
Dodge: Dodged            |    27 |    47 |    57 ||   131
Block: Buckler           |    56 |    57 |    73 ||   186
       Reflection        |     1 |       |       ||     1

Table legend: (Time is in decaauts)
 A = Elapsed time spent in this place.
 B = Non-inter-level travel time spent in this place.
 C = Inter-level travel time spent in this place.
 D = Time resting spent in this place.
 E = Time spent auto-exploring this place.
 F = Levels seen in this place.
 G = Mean time per level.
                   A        B        C        D        E       F      G
               +--------+--------+--------+--------+--------+-----+--------+
         Total |   5403 |   5304 |     99 |     15 |   4425 |   7 |  771.9 |
       Dungeon |   5341 |   5242 |     99 |     15 |   4390 |   6 |  890.2 |
        Temple |     62 |     62 |      0 |      0 |     35 |   1 |   62.0 |
               +--------+--------+--------+--------+--------+-----+--------+

Top non-repeatable levels by time:
     D:6: 1268 daAuts
     D:4: 1149 daAuts
     D:1: 894 daAuts
     D:3: 703 daAuts
     D:2: 676 daAuts
     D:5: 648 daAuts
  Temple: 62 daAuts
